 Dungeon Crawl Stone Soup version 0.27-a0-333-gfa571bf19a (webtiles) character file.

Game seed: 7829281482837569979

8731 Nattfarinn the Thaumaturge (level 11, -26/84 HPs)
             Began as a Formicid Venom Mage on Feb 12, 2021.
             Was the Champion of Cheibriados.
             Annihilated by a very large slime creature (46 damage)
             ... on level 12 of the Dungeon.
             The game lasted 00:31:40 (14173 turns).

Nattfarinn the Thaumaturge (Formicid Venom Mage)   Turns: 14173, Time: 00:31:40

Health: -26/84     AC:  4    Str: 32    XL:     11   Next: 61%
Magic:  21/26      EV: 16    Int: 33    God:    Cheibriados [******]
Gold:   1217       SH: 15    Dex: 29    Spells: 24/32 levels left

rFire    + . .     SeeInvis +   C - +3 great sword
rCold    + + .     Faith    .   g - +2 kite shield {rF+}
rNeg     . . .     Spirit   .   w - +0 leather armour of Glamorous Music {*Contam rC++ Str+4 Dex+3}
rPois    +         Reflect  .   (helmet unavailable)
rElec    .         Harm     .   (no cloak)
rCorr    .         Rampage  .   (no gloves)
Will     +....                  (no boots)
Stlth    +++.......             l - amulet of the acrobat
HPRegen  0.24/turn              p - +4 ring of evasion
MPRegen  0.20/turn              o - ring of poison resistance

@: very slow
A: permanent stasis, dig shafts and tunnels, four strong arms, antennae 3
a: Dig, Shaft Self, Renounce Religion, Bend Time, Temporal Distortion, Slouch,
Step From Time


You were on level 12 of the Dungeon.
You worshipped Cheibriados.
Cheibriados was exalted by your worship.
You visited 1 branch of the dungeon, and saw 12 of its levels.
You also visited: Bailey.

You collected 1217 gold pieces.

Inventory:

Hand Weapons
 e - a +0 mace of protection
 C - a +3 great sword (weapon)
Armour
 a - a +0 robe
 g - a +2 kite shield of fire resistance (worn)
 q - a +0 buckler
 t - a +0 leather armour
 w - the +0 leather armour of Glamorous Music (worn) {*Contam rC++ Str+4 Dex+3}
   (You found it on level 4 of the Dungeon)

   It affects your strength (+4).
   It affects your dexterity (+3).
   It greatly protects you from cold.
   It causes magical contamination when unequipped.
Jewellery
 l - an amulet of the acrobat (around neck)
 o - a ring of poison resistance (right hand)
 p - a +4 ring of evasion (left hand)
 E - a ring of flight
Wands
 m - a wand of acid (2)
 u - a wand of mindburst (9)
 B - a wand of polymorph (13)
 G - a wand of charming (7)
Scrolls
 k - 2 scrolls of identify
 n - 2 scrolls of fog
 r - 2 scrolls of amnesia
 s - a scroll of silence {unknown}
 v - 2 scrolls of fear {unknown}
 x - a scroll of immolation {unknown}
 y - 3 scrolls of enchant armour {unknown}
 F - 5 scrolls of enchant weapon {unknown}
 H - a scroll of brand weapon {unknown}
Potions
 b - 3 potions of heal wounds {unknown}
 c - a potion of flight {unknown}
 d - a potion of resistance {unknown}
 f - a potion of magic {unknown}
 h - 8 potions of curing {unknown}
 i - 2 potions of degeneration {unknown}
 j - a potion of invisibility {unknown}
 z - 3 potions of brilliance {unknown}
 A - a potion of lignification {unknown}
 D - a potion of attraction {unknown}
 I - a potion of haste {unknown}


   Skills:
 - Level 7.0 Fighting
 - Level 10.0 Armour
 - Level 1.7 Dodging
 - Level 2.4 Stealth
 - Level 4.5 Shields
 - Level 11.2 Spellcasting
 - Level 1.1 Transmutations
 - Level 7.3 Poison Magic
 + Level 4.4 Invocations


You had 24 spell levels left.
You knew the following spells:

 Your Spells              Type           Power        Failure   Level
a - Sting                 Tmut/Pois      100%         1%          1
b - Ignite Poison         Fire/Tmut/Pois 37%          7%          3
c - Olgreb's Toxic Radia  Pois           61%          3%          4

Your spell library contained the following spells:

 Spells                   Type           Power        Failure   Level
 Poisonous Vapours        Pois/Air       84%          2%          2
 Animate Skeleton         Necr           36%          8%          1
 Pain                     Necr           72%          8%          1
 Mephitic Cloud           Conj/Pois/Air  34%          8%          3
 Vampiric Draining        Necr           9%           22%         3
 Animate Dead             Necr           9%           58%         4
 Agony                    Necr           18%          90%         5


Dungeon Overview and Level Annotations

Branches:
Dungeon (12/15)            Temple (0/1) D:7            Lair (0/6) D:9
    Orc (0/2) D:9          Bailey (visited)

Altars:
Ashenzari
Cheibriados
Qazlal
Ru
Sif Muna
Uskayaw
Jiyva

Shops:
D:8 :

Annotations:
D:4 1 runed translucent door, Crazy Yiuf
D:6 Menkaure
D:10 2 transporters


Innate Abilities, Weirdness & Mutations

You cannot be hasted, slowed, berserked, paralysed or teleported.
You can dig through walls and to a lower floor.
Your four strong arms can wield two-handed weapons with a shield.
You have a pair of large antennae on your head. (SInv)


Message History

You kill the orc!
Cheibriados appreciates the change of pace.
A slime creature comes into view.
The slime creature quivers.
You slash the orc!
You kill the orc!
Cheibriados thoroughly appreciates the change of pace.
You slice the slime creature!!
The slime creature is moderately wounded.
The slime creature hits you!
A slime creature comes into view.
The slime creature misses you.
The slime creature quivers.
You slice the slime creature!!
The slime creature is severely wounded.
A slime creature comes into view.
The slime creature hits you!
The slime creature closely misses you. x2
You barely miss the slime creature. The slime creature barely misses you.
You block the slime creature's attack.
The slime creature quivers.
You hit the slime creature.
The slime creature is severely wounded.
You block the slime creature's attack. The slime creature hits you!
The slime creature hits you!! The slime creature hits you!
The slime creature barely misses you.
You riposte.
You slash the slime creature!
The slime creature is lightly wounded.
You block the slime creature's attack.
You are too injured to fight recklessly!
You are too injured to fight recklessly!
Unknown command.
Two slime creatures merge to form a large slime creature.
Two slime creatures merge to form a very large slime creature.
The slime creature misses you.
You block the very large slime creature's attack.
You can feel time thicken for a moment.
The slime creature hits you!
* * * LOW HITPOINT WARNING * * *
The very large slime creature hits you!!!
Ouch! That really hurt!
You die...

############ ##..........#
#...........# #########
............# ###...)....
#.......J..#####..........
#....)..J@.'.....#........
#.......J..#######...†.†..
#####+###### #####.### #.#
#.### #...# #######'#
#........ #........


You could see a very large slime creature and 2 slime creatures.

Vanquished Creatures
  A boulder beetle (D:11)
  A manticore (D:11)
  A gargoyle (D:11)
  Maggie (D:8)
  2 trolls (D:11)
  Sigmund (D:6)
  A wyvern (D:8)
  A yak (D:9)
  Edmund (D:4)
  A water moccasin (D:8)
  7 orc warriors
  3 ice beasts
  3 sky beasts (D:9)
  A black bear (D:8)
  A necrophage (D:8)
  3 ogres
  2 eyes of draining
  4 centaurs
  5 phantoms
  4 kobold brigands
  11 bullfrogs
  A water moccasin skeleton (D:7)
  4 scorpions
  5 killer bees (D:9)
  9 wights
  2 howler monkeys
  A centaur zombie (D:10)
  2 quasits
  2 jellies
  6 orc priests
  A bullfrog skeleton (D:9)
  8 hounds
  Terence (D:3)
  2 centaur skeletons
  3 iguanas
  12 orc wizards
  7 worker ants
  A killer bee zombie (D:8)
  2 hound zombies
  A howler monkey zombie (D:11)
  A worker ant zombie (D:9)
  5 gnolls
  13 adders
  2 shadow imps (D:5)
  2 white imps
  3 ufetubi
  2 oozes
  3 adder skeletons
  An adder zombie (D:7)
  5 worms
  7 leopard geckos
  31 orcs
  4 bats
  2 giant cockroaches
  13 goblins
  12 hobgoblins
  8 jackals
  28 kobolds
  3 quokkas
  2 ball pythons
  2 frilled lizards
  A leopard gecko skeleton (D:5)
  A leopard gecko zombie (D:5)
  7 rats
283 creatures vanquished.

Vanquished Creatures (others)
  21 fungi (D:9)
  16 plants (D:9)
37 creatures vanquished.

Grand Total: 320 creatures vanquished

Notes
Turn   | Place    | Note
-------+----------+-------------------------------------------
     0 | D:1      | Nattfarinn the Formicid Venom Mage began the quest for the
                  | Orb.
     0 | D:1      | Reached XP level 1. HP: 13/13 MP: 3/3
   312 | D:1      | Reached XP level 2. HP: 13/19 MP: 3/5
   637 | D:1      | Reached skill level 5 in Poison Magic
   758 | D:1      | Reached XP level 3. HP: 23/24 MP: 3/6
   792 | D:1      | Learned a level 3 spell: Ignite Poison
  2296 | D:2      | Reached XP level 4. HP: 29/30 MP: 3/7
  2998 | D:2      | Found a snail-covered altar of Cheibriados.
  3006 | D:2      | Became a worshipper of Cheibriados the Contemplative
  3658 | D:3      | Noticed Terence
  3672 | D:3      | Killed Terence
  3673 | D:3      | Reached XP level 5. HP: 32/35 MP: 1/8
  4124 | D:3      | Reached skill level 1 in Shields
  4308 | D:4      | Found a runed translucent door.
  4309 | D:4      | Noticed Crazy Yiuf
  4371 | D:4      | Noticed Edmund
  4395 | D:4      | Killed Edmund
  4395 | D:4      | Reached * piety under Cheibriados
  4396 | D:4      | Reached XP level 6. HP: 33/41 MP: 0/9
  4858 | D:4      | Reached skill level 3 in Spellcasting
  4858 | D:4      | Reached XP level 7. HP: 46/46 MP: 5/11
  5064 | D:4      | Reached skill level 4 in Spellcasting
  5285 | D:4      | Got a distressingly furry leather armour
  5296 | D:4      | Identified the +0 leather armour of Glamorous Music
                  | {*Contam rC++ Str+4 Dex+3} (You found it on level 4 of the
                  | Dungeon)
  5525 | D:4      | Reached skill level 5 in Spellcasting
  6059 | D:5      | Entered Level 5 of the Dungeon
  6078 | D:5      | Found a shimmering blue altar of Sif Muna.
  6154 | D:5      | Reached ** piety under Cheibriados
  6242 | D:5      | Found a stormy altar of Qazlal.
  6403 | D:5      | Learned a level 4 spell: Olgreb's Toxic Radiance
  6669 | D:5      | Reached XP level 8. HP: 48/52 MP: 7/16
  6863 | D:6      | Noticed Sigmund
  6867 | D:6      | Killed Sigmund
  6868 | D:6      | Reached skill level 6 in Spellcasting
  6989 | D:6      | Reached skill level 7 in Spellcasting
  7239 | D:6      | Noticed Menkaure
  7242 | D:6      | You fall into a shaft and drop 1 floor!
  7606 | D:7      | Found a staircase to the Ecumenical Temple.
  7818 | D:7      | Found a sacrificial altar of Ru.
  7838 | D:7      | Reached skill level 8 in Spellcasting
  7879 | D:7      | Reached *** piety under Cheibriados
  7907 | D:7      | Reached XP level 9. HP: 19/57 MP: 16/21
  8170 | D:7      | Reached skill level 9 in Spellcasting
  8953 | D:8      | Reached skill level 10 in Spellcasting
  9526 | D:8      | Noticed Maggie
  9530 | D:8      | Killed Maggie
  9531 | D:8      | Reached skill level 11 in Spellcasting
  9838 | D:8      | Reached **** piety under Cheibriados
  9839 | D:8      | Reached skill level 1 in Fighting
  9839 | D:8      | Reached XP level 10. HP: 66/66 MP: 13/25
  9914 | D:8      | Found Jyubuhil's Book Boutique.
 10101 | D:9      | Found a staircase to the Orcish Mines.
 10132 | D:9      | Found a broken altar of Ashenzari.
 10482 | D:9      | Found a broken altar of Ashenzari.
 10608 | D:9      | Reached skill level 5 in Armour
 10925 | D:9      | Reached ***** piety under Cheibriados
 11023 | D:9      | Found a staircase to the Lair.
 11527 | D:10     | Entered Level 10 of the Dungeon
 11569 | D:10     | Found a transporter.
 11571 | D:10     | Found a transporter.
 11573 | D:10     | Found a viscous altar of Jiyva.
 11615 | D:10     | Found a flagged portal.
 11621 | D:10     | Reached skill level 5 in Fighting
 11646 | Bailey   | Entered a bailey
 11992 | Bailey   | Found an iron altar of Okawaru.
 12197 | D:10     | Found a hide-covered altar of Uskayaw.
 12347 | D:10     | Reached XP level 11. HP: 72/80 MP: 15/26
 12512 | D:10     | Noticed a glowing orange brain
 13202 | D:11     | Noticed a manticore
 13209 | D:11     | Killed a manticore
 13407 | D:11     | Reached ****** piety under Cheibriados
 13645 | D:11     | Reached skill level 10 in Armour
 13728 | D:11     | Reached skill level 1 in Invocations
 13783 | D:11     | Noticed a boulder beetle
 13789 | D:11     | Killed a boulder beetle
 14173 | D:12     | Annihilated by a very large slime creature

Illustrated notes

Levels and vault maps discovered:
D:1:      dpeg_arrival_tiny_k, layout_basic
D:2:      layout_basic, lemuel_coloured_pillars_altar
D:3:      layout_loops_cross, uniq_terence
D:4:      layout_loops_ring, uniq_crazy_yiuf_cottage, uniq_edmund
D:5:      layout_rooms, general_overflow_altar, chequers_serial_rivers_micro_c,
          grunt_qazlal_sundering
D:6:      minmay_evil_eye, layout_cave_pools, gammafunk_ghost_hive,
          uniq_sigmund, uniq_menkaure
D:7:      layout_basic, nicolae_ru_sacrificial_ziggurat,
          minmay_temple_entry_arrows, kennysheep_generic_room_9
D:8:      layout_basic, serial_shops, shop, uniq_maggie
D:9:      layout_loops_ring, ashenzari_conservatory_becter,
          grunt_lair_entry_orc_guard_hut, basic_altar, grunt_decor_fettered
D:10:     gammafunk_jiyva_shrine, layout_loops_ring, basic_altar, enter_bailey_5
D:11:     layout_cross
D:12:     layout_roguey

Skill      XL: |  1  2  3  4  5  6  7  8  9 10 11 |
---------------+----------------------------------+-----
Poison Magic   | 5 6 7 |  7.3
Shields        | 4 |  4.5
Spellcasting   | 3 5 8 11 | 11.2
Fighting       | 1 5 7 |  7.0
Armour         | 2 8 10 | 10.0
Invocations    | 4 |  4.4
Dodging        | |  1.7
Stealth        | |  2.4
Transmutations | |  1.1

Action                   |  1- 3 |  4- 6 |  7- 9 | 10-12 || total
-------------------------+-------+-------+-------+-------++-------
Melee: Unarmed           |    35 |       |       |     6 ||    41
       Mace              |    13 |    12 |   138 |       ||   163
       Great sword       |       |       |    57 |   127 ||   184
 Cast: Sting             |    50 |    88 |    82 |     1 ||   221
       Ignite Poison     |       |     1 |    13 |    32 ||    46
       Olgreb's Toxic Ra |       |       |    13 |    38 ||    51
Invok: Slouch            |       |       |       |     1 ||     1
 Abil: Shaft Self        |       |       |     1 |       ||     1
Evoke: Wand              |       |       |     6 |       ||     6
  Use: Scroll            |       |       |       |     8 ||     8
 Stab: Sleeping          |     1 |       |     4 |     6 ||    11
Armor: Robe              |    15 |    10 |       |       ||    25
       Leather armour    |       |     3 |    64 |    27 ||    94
Dodge: Dodged            |    47 |    51 |   175 |   147 ||   420
Block: Buckler           |       |     7 |    92 |    51 ||   150
       Kite shield       |       |       |       |    79 ||    79
       Rpst.: Great sword |       |       |    14 |    34 ||    48

Table legend: (Time is in decaauts)
 A = Elapsed time spent in this place.
 B = Non-inter-level travel time spent in this place.
 C = Inter-level travel time spent in this place.
 D = Time resting spent in this place.
 E = Time spent auto-exploring this place.
 F = Levels seen in this place.
 G = Mean time per level.
                   A        B        C        D        E       F      G
               +--------+--------+--------+--------+--------+-----+--------+
         Total |  17655 |  17100 |    555 |   4176 |  10437 |  13 | 1358.1 |
       Dungeon |  17153 |  16598 |    555 |   3934 |  10296 |  12 | 1429.4 |
        Bailey |    501 |    501 |      0 |    242 |    140 |   1 |  501.0 |
               +--------+--------+--------+--------+--------+-----+--------+

Top non-repeatable levels by time:
     D:4: 1997 daAuts
     D:7: 1997 daAuts
     D:9: 1989 daAuts
     D:1: 1855 daAuts
     D:8: 1738 daAuts
    D:11: 1680 daAuts
    D:10: 1645 daAuts
     D:3: 1488 daAuts
     D:2: 1212 daAuts
     D:5: 1020 daAuts
  Bailey: 501 daAuts
     D:6: 419 daAuts
    D:12: 108 daAuts
